 Dungeon Crawl Stone Soup version 0.25-a0-699-g25a338df49 (webtiles) character file.

Game seed: 12837540346978307007, levelgen mode: deterministic

36038 DasRunzen the Destroyer (level 13, -3/113 HPs)
             Began as a Demigod Conjurer on Apr 2, 2020.
             Engulfed by a cloud of flame (12 damage)
             ... on level 6 of the Lair of Beasts.
             The game lasted 00:52:02 (18601 turns).

DasRunzen the Destroyer (Demigod Conjurer)         Turns: 18601, Time: 00:52:02

Health: -3/113     AC: 12    Str: 17    XL:     13   Next: 19%
Magic:  13/31      EV: 35    Int: 32    God:
Gold:   1074       SH:  0    Dex: 16    Spells: 12/31 levels left

rFire    . . .     SeeInvis .   j - +6 spear (freeze)
rCold    . . .     Gourm    .   (no shield)
rNeg     . . .     Faith    .   o - +2 robe {MR+}
rPois    .         Spirit   .   n - +1 helmet {Int+3}
rElec    .         Reflect  .   a - +1 cloak
rCorr    .         Harm     .   b - +0 pair of gloves
MR       ++...                  e - +2 pair of boots {Fly}
Stlth    ++........             s - amulet of the acrobat
HPRegen  0.28/turn              h - +2 ring of strength
MPRegen  0.22/turn              D - +4 ring of strength

@: acrobat, flying, studying Short Blades
A: clever 1, high mp 1, MP-powered wands
a: Stop Flying


You were on level 6 of the Lair of Beasts.
You were hungry.

You visited 2 branches of the dungeon, and saw 16 of its levels.

You collected 1074 gold pieces.

Inventory:

Hand Weapons
 j - a +6 spear of freezing (weapon)
Armour
 a - a +1 cloak (worn)
 b - a +0 pair of gloves (worn)
 e - a +2 pair of boots of flying (worn)
 n - a +1 helmet of intelligence (worn)
 o - a +2 robe of magic resistance (worn)
 H - the cursed +0 pair of gloves of Purpose {Str+5, unknown}
   (You found it on level 6 of the Lair of Beasts)

   It affects your strength (+5).
   It has a curse placed upon it.
Jewellery
 h - a +2 ring of strength (left hand)
 l - a +1 ring of protection
 r - an uncursed ring of ice
 s - an amulet of the acrobat (around neck)
 C - an uncursed ring of stealth
 D - a +4 ring of strength (right hand)
 F - an uncursed ring of protection from cold
Wands
 v - a wand of polymorph (5)
 x - a wand of iceblast (9)
 A - a wand of flame (51)
 B - a wand of acid (5)
 G - a wand of random effects (23)
Scrolls
 f - 9 scrolls of teleportation
 k - 9 scrolls of remove curse
 u - 3 scrolls of amnesia
 w - a scroll of blinking
 y - 2 scrolls of identify
 z - a scroll of magic mapping
Potions
 d - 6 potions of curing
 g - 3 potions of flight
 i - 2 potions of ambrosia
 m - a potion of magic
 p - a potion of brilliance
 q - 3 potions of heal wounds
 t - 3 potions of resistance
Books
 I - a manual of Short Blades
Comestibles
 c - 32 rations


   Skills:
 + Level 10.1 Fighting
 + Level 10.3 Dodging
 - Level 1.7 Stealth
 + Level 9.5 Spellcasting
 + Level 10.8 Conjurations
 + Level 7.9 Fire Magic


You had 12 spell levels left.
You knew the following spells:

 Your Spells              Type           Power        Failure   Level  Hunger
a - Magic Dart            Conj           ####         1%          1    None
b - Searing Ray           Conj           ######       1%          2    None
c - Dazzling Flash        Conj/Hex       #####.       1%          3    None
d - Sticky Flame          Conj/Fire      ######..     1%          4    None
e - Fireball              Conj/Fire      ######....   1%          5    ###....
f - Iskenderun's Mystic   Conj/Tloc      #####...     3%          4    None

Your spell library contained the following spells:

 Spells                   Type           Power        Failure   Level  Hunger
 Foxfire                  Conj/Fire      ####         1%          1    None
 Conjure Flame            Conj/Fire      ######..     1%          3    None
 Inner Flame              Hex/Fire       #####...     1%          3    None
 Fulminant Prism          Conj/Hex       #####.....   3%          4    None


Dungeon Overview and Level Annotations

Branches:
Dungeon (10/15)            Temple (0/1) D:5            Lair (6/6) D:9
  Swamp (0/4) Lair:2       Spider (0/4) Lair:3        Slime (0/5) Lair:5
    Orc (0/2) D:9

Shops:
D:9 [

Annotations:
Lair:2 exclusion: 4 oklob plants
Lair:5 1 runed translucent door


Innate Abilities, Weirdness & Mutations

You have an increased reservoir of magic. (+10% MP)
Your mind is acute. (Int +2)
You expend magic power (3 MP) to strengthen your wands.


Message History

Confirm with . or Enter, or press ? or * to list all spells.
Aiming: Searing Ray (safe; 1% risk of failure)
Press: ? - help, Shift-Dir - straight line, f/p - fire crab
Aim: a fire crab (almost dead)
The searing ray misses the fire crab. (Press . to maintain the ray.)
You are engulfed in blazing flames.
* * * LOW HITPOINT WARNING * * *
The plant is engulfed in blazing flames. x3
The fire crab breathes flames at you.
The blast of flame engulfs you but does no damage.
The searing ray hits the fire crab.
The fire crab is almost dead.
You are engulfed in blazing flames.
* * * LOW HITPOINT WARNING * * *
The plant is engulfed in blazing flames. x3
The searing ray hits the fire crab.
You kill the fire crab!
You are engulfed in blazing flames.
You die...

..P.##.###..)................PPP.
..PP..#...#...(..................
..P...#...#....................b.
..#H.##.....#.P..................
.H..°............................
t.t(......#.....................[
................##...............
.......#PP.....#...##......P.....
#..#.#####......@.P#.............
#.#### ###....PP..#............
#..########......P.P.....#.......
#..#.#P..#.......................
P..P...............#..#.P.#.#....
........8.............#...#......
.8.........##.#.........?......#.
......8....##.#..................
...8.......#####.................


There were no monsters in sight!

Vanquished Creatures
  The ghost of Kohma the Grappler, a journeyman TrMo of Okawaru (Lair:1)
  5 hydras
  Erica (D:8)
  The ghost of DasRunzen the Destroyer, a novice DgCj (Lair:1)
  A fire crab (Lair:6)
  An oklob plant (Lair:1)
  14 elephants
  A manticore (Lair:6)
  5 black mambas
  7 spiny frogs
  Maggie (D:6)
  9 komodo dragons
  A tyrant leech (Lair:2)
  2 hornets (D:9)
  Prince Ribbit (D:7)
  A polar bear (Lair:6)
  15 blink frogs
  6 dream sheep
  6 hippogriffs
  Sigmund (D:2)
  A wyvern (Lair:5)
  A basilisk (Lair:5)
  19 yaks
  A hungry ghost (D:9)
  2 swamp worms (Lair:2)
  A soldier ant (D:9)
  Duvessa (D:5)
  8 water moccasins
  10 porcupines
  2 orc warriors
  3 sky beasts
  2 ice beasts
  An eye of draining (D:9)
  6 wolves
  4 ogres
  2 phantoms
  2 centaurs (D:9)
  21 crocodiles
  11 bullfrogs
  Blork the orc (D:5)
  A water moccasin zombie (D:9)
  2 wyvern skeletons
  Dowan (D:5)
  5 howler monkeys
  10 wights
  2 jellies
  2 electric eels (Lair:2)
  8 crimson imps
  A bullfrog zombie (D:8)
  2 bullfrog skeletons
  3 hounds
  A quasit (D:7)
  7 orc priests
  10 orc wizards
  A centaur skeleton (D:8)
  Jessica (D:2)
  An iguana (D:7)
  10 hell rats (Lair:4)
  6 worker ants
  A hound zombie (D:9)
  2 hound skeletons (D:7)
  3 gnolls (D:3)
  9 adders
  5 shadow imps
  An adder skeleton (D:4)
  2 worms
  2 dart slugs
  5 leopard geckos
  43 orcs
  6 giant cockroaches
  7 hobgoblins
  9 jackals
  3 quokkas
  3 ball pythons
  5 bats
  5 frilled lizards
  6 goblins
  7 kobolds
  2 leopard gecko skeletons
  11 rats
390 creatures vanquished.

Vanquished Creatures (others)
  13 fungi
  13 plants
26 creatures vanquished.

Grand Total: 416 creatures vanquished

Notes
Turn   | Place    | Note
-------+----------+-------------------------------------------
     0 | D:1      | DasRunzen the Demigod Conjurer began the quest for the Orb.
     0 | D:1      | Reached XP level 1. HP: 14/14 MP: 5/5
   200 | D:1      | Reached XP level 2. HP: 22/22 MP: 5/7
   204 | D:1      | Learned a level 2 spell: Searing Ray
   711 | D:2      | Found a bloodstained altar of Trog,
   741 | D:2      | Reached skill level 1 in Fighting
   743 | D:2      | Reached XP level 3. HP: 23/28 MP: 2/8
   752 | D:2      | Noticed Jessica
   754 | D:2      | Killed Jessica
   932 | D:2      | Found a hide-covered altar of Uskayaw,
   932 | D:2      | Found a stormy altar of Qazlal,
  1064 | D:2      | Noticed Sigmund
  1069 | D:2      | Killed Sigmund
  1069 | D:2      | Reached XP level 4. HP: 36/36 MP: 5/11
  1069 | D:2      | Reached XP level 5. HP: 41/41 MP: 5/12
  1232 | D:2      | Found a basalt altar of Yredelemnul,
  1836 | D:3      | Noticed an ogre
  1853 | D:3      | Killed an ogre
  1853 | D:3      | Reached XP level 6. HP: 50/50 MP: 4/13
  1959 | D:3      | Found a shimmering altar of Xom,
  2063 | D:3      | Reached skill level 5 in Conjurations
  2328 | D:3      | Found an iron altar of Okawaru,
  2713 | D:4      | Found a sacrificial altar of Ru,
  2782 | D:5      | Entered Level 5 of the Dungeon
  2800 | D:5      | Reached XP level 7. HP: 46/57 MP: 15/15
  2884 | D:5      | Noticed Dowan
  2885 | D:5      | Noticed Duvessa
  2893 | D:5      | Killed Dowan
  2898 | D:5      | Killed Duvessa
  3291 | D:5      | Found a staircase to the Ecumenical Temple,
  3445 | D:5      | Noticed Blork the orc
  3454 | D:5      | Killed Blork the orc
  3746 | D:5      | Reached XP level 8. HP: 62/66 MP: 11/18
  4271 | D:6      | Noticed Maggie
  4663 | D:6      | Killed Maggie
  4663 | D:6      | Reached skill level 5 in Dodging
  4726 | D:6      | Found a shadowy altar of Dithmenos,
  4898 | D:6      | Reached skill level 5 in Spellcasting
  4901 | D:6      | Reached skill level 5 in Fighting
  4911 | D:6      | Found a glowing golden altar of the Shining One,
  4977 | D:6      | Found a radiant altar of Vehumet,
  5336 | D:7      | Found an ancient bone altar of Kikubaaqudgha,
  5348 | D:7      | Reached XP level 9. HP: 37/74 MP: 9/20
  5492 | D:7      | Learned a level 3 spell: Dazzling Flash
  6196 | D:8      | Noticed Prince Ribbit
  6360 | D:7      | Killed Prince Ribbit
  6397 | D:8      | Learned a level 4 spell: Sticky Flame
  6448 | D:8      | Noticed Erica
  6692 | D:8      | Killed Erica
  6692 | D:8      | Reached skill level 1 in Fire Magic
  7006 | D:8      | Found an opulent altar of Gozag,
  7032 | D:8      | Found a sparkling altar of Nemelex Xobeh,
  7075 | D:8      | Found a shimmering blue altar of Sif Muna,
  7223 | D:9      | Found a staircase to the Orcish Mines,
  7238 | D:9      | Reached XP level 10. HP: 69/84 MP: 20/23
  8403 | D:9      | Found an ornate altar of the Wu Jian Council,
  8460 | D:9      | Gained mutation: Your mind is acute. (Int +2) [potion of
                  | mutation]
  8460 | D:9      | Gained mutation: You expend magic power (3 MP) to
                  | strengthen your wands. [potion of mutation]
  8471 | D:9      | Found Enladicw's Armour Shoppe,
  8546 | D:9      | Learned a level 5 spell: Fireball
  8627 | D:9      | Found a staircase to the Lair,
  8896 | D:9      | Found a roughly hewn altar of Beogh,
  9131 | D:10     | Entered Level 10 of the Dungeon
  9194 | Lair:1   | Entered Level 1 of the Lair of Beasts
  9194 | Lair:1   | Found a sparkling altar of Nemelex Xobeh,
  9194 | Lair:1   | Noticed an oklob plant
  9205 | Lair:1   | Killed an oklob plant
  9359 | Lair:1   | Reached XP level 11. HP: 84/93 MP: 12/26
  9735 | Lair:1   | Found a runed translucent gate,
  9737 | Lair:1   | Found a runed translucent gate,
  9737 | Lair:1   | Found a runed translucent gate,
  9741 | Lair:1   | Noticed DasRunzen's ghost (novice DgCj)
  9741 | Lair:1   | Noticed Kohma's ghost (journeyman TrMo)
  9795 | Lair:1   | Killed DasRunzen's ghost
  9804 | Lair:1   | Killed Kohma's ghost
 10144 | Lair:2   | Noticed an eight-headed hydra
 10152 | Lair:2   | Killed an eight-headed hydra
 10152 | Lair:2   | Reached skill level 5 in Fire Magic
 10163 | Lair:2   | Noticed a seven-headed hydra
 10196 | Lair:2   | Killed a seven-headed hydra
 11723 | Lair:2   | Found a staircase to the Swamp,
 12373 | Lair:3   | Found a hole to the Spider Nest,
 13033 | Lair:4   | Learned a level 4 spell: Iskenderun's Mystic Blast
 13050 | Lair:4   | Reached XP level 12. HP: 77/103 MP: 28/28
 13821 | Lair:4   | Reached skill level 10 in Conjurations
 14849 | Lair:5   | Found a runed translucent door,
 14851 | Lair:5   | Found a viscous altar of Jiyva,
 14851 | Lair:5   | Noticed an acid blob
 14852 | Lair:5   | Noticed an acid blob
 14852 | Lair:5   | Noticed an acid blob
 14853 | Lair:5   | Found a staircase to the Slime Pits,
 15322 | Lair:5   | Noticed a four-headed hydra
 15339 | Lair:4   | Killed a four-headed hydra
 16597 | Lair:6   | Entered Level 6 of the Lair of Beasts
 16597 | Lair:6   | Noticed a six-headed hydra
 16700 | Lair:5   | Killed a six-headed hydra
 16700 | Lair:5   | Reached skill level 10 in Dodging
 17564 | Lair:6   | Reached XP level 13. HP: 87/113 MP: 17/30
 17934 | Lair:6   | Reached skill level 10 in Fighting
 18396 | Lair:6   | Got a pair of crude gloves
 18601 | Lair:6   | Engulfed by a cloud of flame

Levels and vault maps discovered:
D:1:      minmay_arrival_four_houses, layout_rooms
D:2:      layout_loops_ring, bloody_trog, lemuel_coloured_pillars_altar,
          gammafunk_temple_overflow_elements, serial_bayou_lagoon_b,
          uniq_jessica, uniq_sigmund
D:3:      layout_basic, led_xom_imps, lemuel_crystal_altar
D:4:      layout_rooms, kennysheep_mini_moat, first_ration,
          minmay_misc_feat_cross, glass_columns_a
D:5:      layout_basic, temple_green, uniq_duvessa, uniq_blork_the_orc
D:6:      layout_basic, tso_oasis_becter, old_standard_altar,
          minmay_strange_pillars, kennysheep_flooded_box, uniq_maggie
D:7:      layout_gridville, kiku_gazebo_pond_becter
D:8:      layout_rooms, old_standard_altar, led_sif_book, nemelex_altar_shiori,
          uniq_erica, uniq_prince_ribbit1
D:9:      layout_irregular_city, nicolae_overflow_crystal_walls,
          minmay_lair_entry_grove, minmay_orc_entry_temple_small, serial_shops,
          nicolae_shop_behind_doors, hangedman_pestilent_swarm
D:10:     layout_loops_ring, serial_shops, nicolae_shop_trees, st_stairs_1,
          grunt_dithmenos_shadows
Lair:1:   layout_loops_ring, gammafunk_ghost_cemetery, lemuel_oklob_altar,
          serial_bayou_shore_b
Lair:2:   layout_chaotic_city, minmay_swamp_entry_worms, grunt_megastairs_1,
          infiniplex_staircase_pool, minmay_lair_oklob_chamber,
          serial_bayou_shore_a
Lair:3:   layout_regular_city, spider_nest_entry_web_field, grunt_megastairs_2,
          lemuel_fruit_tree
Lair:4:   layout_cave_pods
Lair:5:   layout_regular_city, slime_altar_2, serial_bayou_shore_b
Lair:6:   evilmike_catoblepas_cave, layout_misc_corridors, lemuel_fruit_fields

Skill      XL: |  1  2  3  4  5  6  7  8  9 10 11 12 13 |
---------------+----------------------------------------+-----
Dodging        | 2 3 4 5 6 7 9 10 | 10.3
Spellcasting   | 2 3 4 5 6 7 8 9 |  9.5
Fighting       | 1 2 3 4 5 6 7 8 9 10 | 10.1
Conjurations   | 4 5 6 7 8 9 10 | 10.8
Fire Magic     | 2 4 6 7 |  7.9
Stealth        | |  1.7

Action                   |  1- 3 |  4- 6 |  7- 9 | 10-12 | 13-15 || total
-------------------------+-------+-------+-------+-------+-------++-------
Melee: Unarmed           |     1 |       |       |       |       ||     1
       Dagger            |     1 |       |       |       |       ||     1
       Spear             |    24 |   104 |   265 |   276 |    21 ||   690
 Cast: Magic Dart        |    44 |    33 |     6 |    35 |     8 ||   126
       Searing Ray       |     2 |     4 |    50 |    92 |    11 ||   159
       Sticky Flame      |       |       |       |    65 |    13 ||    78
       Fireball          |       |       |       |    20 |     3 ||    23
       Dazzling Flash    |       |       |       |     1 |       ||     1
  Use: Scroll            |     5 |     6 |    10 |     9 |       ||    30
       Potion            |       |       |     1 |     1 |       ||     2
 Stab: Sleeping          |       |     2 |     2 |       |       ||     4
  Eat: Chunk             |       |     6 |    11 |    26 |     3 ||    46
       Ration            |       |       |     1 |     3 |       ||     4
Armor: Robe              |     2 |     6 |    56 |   117 |     9 ||   190
Dodge: Dodged            |    17 |    48 |   243 |   550 |    67 ||   925

Table legend:
 A = Non-vault XP
 B = Vault XP
 C = Vault XP percentage of total XP
 D = Non-vault monster count
 E = Vault monster count
 F = Vault count percentage of total count
                 A         B        C        D         E       F
            +---------+---------+-------+---------+---------+-------
      Total |   40442 |   11042 |  21.4 |     342 |      48 |  12.3
            +---------+---------+-------+---------+---------+-------
        D:1 |      31 |       0 |   0.0 |      21 |       0 |   0.0
        D:2 |      66 |     245 |  78.8 |      22 |       2 |   8.3
        D:3 |     222 |     196 |  46.9 |      25 |       4 |  13.8
        D:4 |      81 |       0 |   0.0 |       7 |       0 |   0.0
        D:5 |     645 |     301 |  31.8 |      22 |       3 |  12.0
        D:6 |     433 |     385 |  47.1 |      20 |       1 |   4.8
        D:7 |    1443 |     274 |  16.0 |      33 |       1 |   2.9
        D:8 |    1196 |    1477 |  55.3 |      31 |       6 |  16.2
        D:9 |    1674 |    2301 |  57.9 |      28 |      17 |  37.8
     Lair:1 |    3259 |    2564 |  44.0 |      15 |       3 |  16.7
     Lair:2 |    4183 |    2371 |  36.2 |      19 |       9 |  32.1
     Lair:3 |    2314 |     418 |  15.3 |      10 |       1 |   9.1
     Lair:4 |    8556 |       0 |   0.0 |      38 |       0 |   0.0
     Lair:5 |    8920 |       0 |   0.0 |      26 |       0 |   0.0
     Lair:6 |    7419 |     510 |   6.4 |      25 |       1 |   3.8
            +---------+---------+-------+---------+---------+-------
